 Dungeon Crawl Stone Soup version 0.28.0 (webtiles) character file.

Game seed: 4884460319294138260

91 Host24 the Bolt Thrower (level 4, 0/28 HPs)
             Began as a Kobold Hunter on Mar 11, 2022.
             Slain by Ijyb (2 damage)
             ... on level 3 of the Dungeon.
             The game lasted 00:05:57 (3281 turns).

Host24 the Bolt Thrower (Kobold Hunter)             Turns: 3281, Time: 00:05:58

Health: 0/28       AC: -1    Str: 11    XL:     4   Next: 87%
Magic:  0/4        EV: 14    Int: 12    God:
Gold:   41         SH:  0    Dex: 15    Spells: 1/3 levels left

rFire   . . .      SeeInvis .   a - +1 hand crossbow
rCold   . . .      Faith    .   (no shield)
rNeg    . . .      Spirit   +   c - +0 leather armour
rPois   .          Reflect  .   (no helmet)
rElec   .          Harm     .   (no cloak)
rCorr   .          Rampage  .   (no gloves)
Will    .....                   (no boots)
Stlth   +++.......              e - amulet of guardian spirit
HPRegen 0.09/turn               (no ring)
MPRegen 0.09/turn               (no ring)

@: corroded
A: small, no large weapons, nightstalker 3
a: no special abilities


You were on level 3 of the Dungeon.
You visited 1 branch of the dungeon, and saw 3 of its levels.

You collected 41 gold pieces.

Inventory:

Hand Weapons
 a - a +1 hand crossbow (weapon)
 h - a +0 whip of venom
Missiles
 d - 68 bolts (quivered ammo)
 g - 7 poisoned darts
 k - 69 stones
 l - 3 silver javelins
 q - 23 arrows
Armour
 c - a +0 leather armour (worn)
Jewellery
 e - an amulet of guardian spirit (around neck)
Scrolls
 i - a scroll of identify {unknown}
 j - a scroll of silence {unknown}
 m - a scroll of teleportation {unknown}
 p - a scroll of blinking {unknown}
 t - a scroll of vulnerability {unknown}
Potions
 b - a potion of invisibility {unknown}
 f - a potion of heal wounds {unknown}
 n - a potion of lignification {unknown}
 o - a potion of cancellation {unknown}
 r - a potion of brilliance {unknown}
 s - a potion of haste {unknown}
 u - a potion of degeneration {unknown}


   Skills:
 - Level 3.0 Fighting
 + Level 6.4 Crossbows
 - Level 3.0 Dodging
 - Level 1.3 Stealth


You had one spell level left.
You knew the following spells:

 Your Spells              Type           Power      Damage    Failure   Level
a - Wereblood             Tmut           0%         N/A       54%         2

Your spell library contained the following spells:

 Spells                   Type           Power      Damage    Failure   Level
 Sublimation of Blood     Necr           0%         N/A       54%         2
 Summon Hydra             Summ           0%         N/A       100%        7


Dungeon Overview and Level Annotations

Branches:
Dungeon (3/15)

Altars:

Annotations:
D:3 Ijyb


Innate Abilities, Weirdness & Mutations

You are small and have problems with some larger weapons.
You are completely attuned to the shadows.


Message History

You shoot a bolt. The bolt barely misses Ijyb.
Unknown command.
Fire: 74 bolts
Press: ? - help, Q - select action, (/) - cycle Shift-Dir - straight line, f/p - Ijyb
Aim: Ijyb, wielding a +0 dagger, wearing a +0 leather armour and carrying a wand of acid (4) (61% to hit)
You shoot a bolt. The bolt hits Ijyb but does no damage.
Unknown command.
Fire: 73 bolts
Press: ? - help, Q - select action, (/) - cycle Shift-Dir - straight line, f/p - Ijyb
Aim: Ijyb, wielding a +0 dagger, wearing a +0 leather armour and carrying a wand of acid (4) (61% to hit)
You shoot a bolt. The bolt hits Ijyb!
Ijyb is moderately wounded.
Ijyb barely misses you.
Fire: 72 bolts
Press: ? - help, Q - select action, (/) - cycle Shift-Dir - straight line, f/p - Ijyb
Aim: Ijyb, wielding a +0 dagger, wearing a +0 leather armour and carrying a wand of acid (4) (moderately wounded, 61% to hit)
You shoot a bolt. The bolt hits Ijyb.
Ijyb is heavily wounded.
Ijyb drinks a potion.
Ijyb is healed!
Ijyb hits you with a +0 dagger.
Fire: 71 bolts
Press: ? - help, Q - select action, (/) - cycle Shift-Dir - straight line, f/p - Ijyb
Aim: Ijyb, wielding a +0 dagger, wearing a +0 leather armour and carrying a wand of acid (4) (moderately wounded, 61% to hit)
You shoot a bolt. The bolt barely misses Ijyb.
Ijyb zaps a wand.
The bolt of acid hits you!!
Ouch! That really hurt!
* * * LOW HITPOINT WARNING * * *
The acid corrodes you!
Fire: 70 bolts
Press: ? - help, Q - select action, (/) - cycle Shift-Dir - straight line, f/p - Ijyb
Aim: Ijyb, wielding a +0 dagger, wearing a +0 leather armour and carrying a wand of acid (3) (moderately wounded, 61% to hit)
You shoot a bolt. The bolt hits Ijyb!
Ijyb is almost dead.
Ijyb hits you with a +0 dagger.
* * * LOW HITPOINT WARNING * * *
Fire: 69 bolts
Press: ? - help, Q - select action, (/) - cycle Shift-Dir - straight line, f/p - Ijyb
Aim: Ijyb, wielding a +0 dagger, wearing a +0 leather armour and carrying a wand of acid (3) (almost dead, 61% to hit)
You shoot a bolt. The bolt closely misses Ijyb.
Ijyb hits you with a +0 dagger.
You die...

.......)........... #†..# ..
......................#.##..
............##### [.#.#.....
......................#.....
...................(........
.......[....................
.................(..........
#....)[.....g............
#..<<.....@............##
##.......................
....#...................###
####........................
###......................
#.....................#
#......................#
..##.#.... .....###....
###....###..


You could see Ijyb.

Vanquished Creatures
  4 adders
  A worm (D:2)
  2 orcs (D:3)
  3 ball pythons (D:1)
  3 bats
  3 endoplasms (D:1)
  4 giant cockroaches
  3 hobgoblins (D:1)
  6 quokkas
  4 frilled lizards
  4 goblins
  9 kobolds
  4 rats
50 creatures vanquished.

Vanquished Creatures (others)
  An orc (D:3)
1 creature vanquished.

Grand Total: 51 creatures vanquished

Notes
Turn   | Place    | Note
-------+----------+-------------------------------------------
     0 | D:1      | Host24 the Kobold Hunter began the quest for the Orb.
     0 | D:1      | Reached XP level 1. HP: 12/12 MP: 1/1
    20 | D:1      | Reached skill level 5 in Crossbows
   180 | D:1      | Reached XP level 2. HP: 18/18 MP: 2/2
   929 | D:1      | Reached XP level 3. HP: 23/23 MP: 3/3
  1866 | D:2      | Reached XP level 4. HP: 19/28 MP: 2/4
  2316 | D:2      | Learned a level 2 spell: Wereblood
  2356 | D:2      | Reached skill level 6 in Crossbows
  3008 | D:3      | Noticed Ijyb
  3281 | D:3      | Slain by Ijyb

Illustrated notes

Levels and vault maps discovered:
D:1:      elethiomel_arrival_shortcut, layout_basic, feat_on_display
D:2:      layout_loops_ring
D:3:      layout_rooms, hex_tiny, minmay_close_crescents, uniq_ijyb

Skill      XL: |  1  2  3  4 |
---------------+-------------+-----
Crossbows      | 5 6 |  6.4
Fighting       | 3 |  3.0
Dodging        | 3 |  3.0
Stealth        | |  1.3

Action                   |  1- 3 |  4- 6 || total
-------------------------+-------+-------++-------
Melee: Short sword       |    63 |       ||    63
       Whip              |    52 |    51 ||   103
       Punch             |     2 |     1 ||     3
 Fire: Hand crossbow     |     8 |     8 ||    16
 Stab: Sleeping          |     9 |     4 ||    13
Armor: Leather armour    |    24 |    17 ||    41
Dodge: Dodged            |    97 |    39 ||   136
